 Dungeon Crawl Stone Soup version 0.31-a0-986-g5e6e4ef867 (webtiles) character file.

Game seed: 8724372083665207213

23 Fodor the Shield-Bearer (level 2, -2/27 HPs)
             Began as a Minotaur Fighter on Nov 12, 2023.
             Slain by Sigmund
             ... wielding a +7 scythe of protection
              (7 damage)
             ... on level 2 of the Dungeon.
             The game lasted 00:05:29 (1379 turns).

Fodor the Shield-Bearer (Minotaur Fighter)          Turns: 1379, Time: 00:05:29

Health: -2/27      AC:  7    Str: 20    XL:     2   Next: 75%
Magic:  1/1        EV:  9    Int:  5    God:
Gold:   108        SH:  9    Dex:  9    Spells: 1/1 levels left

rFire   . . .        a - +0 war axe
rCold   . . .        c - +0 buckler
rNeg    . . .        b - +0 scale mail
rPois   .            (helmet currently unavailable)
rElec   .            (cloak currently unavailable)
rCorr   +            (gloves currently unavailable)
SInv    .            (boots currently unavailable)
Will    .....        j - amulet of reflection Stlth
                     o - ring of resist corrosion
HPRegen 0.24/turn    (no ring)
MPRegen 0.07/turn

%: reflection
@: beast-form
A: beast (slay +0), horns 2, retaliatory headbutt
a: Begin Untransformation


You were on level 2 of the Dungeon.
You were a hulking beast.
You visited 1 branch of the dungeon, and saw 2 of its levels.

You collected 108 gold pieces.

Inventory:

Hand Weapons
 a - a +0 war axe (weapon)
 l - the +4 shortbow "Hichu" {heavy, rPois MP-9 Stlth+}
   (You found it on level 2 of the Dungeon)

   rPois:     It protects you from poison MP-9: It affects your magic capacity
   (-9).
   Stlth+:    It makes you more stealthy.
Armour
 b - a +0 scale mail (worn)
 c - a +0 buckler (worn)
Jewellery
 j - an amulet of reflection (around neck)
 o - a ring of resist corrosion (left hand)
Talismans
 e - a beast talisman (active)
Scrolls
 f - 2 scrolls of identify {unknown}
 h - a scroll of enchant weapon {unknown}
 m - a scroll of fear {unknown}
 n - 2 scrolls of teleportation {unknown}
Potions
 d - a potion of might
 g - a potion of haste {unknown}
 i - a potion of degeneration {unknown}
 k - a potion of heal wounds {unknown}


   Skills:
 + Level 3.9 Fighting
 + Level 2.8 Axes
 + Level 4.0 Armour
 + Level 0.2 Dodging
 + Level 4.0 Shields
 + Level 0.1 Shapeshifting


You had one spell level left.
You didn't know any spells.
Your spell library contained the following spells:

 Spells                   Type           Power      Damage    Failure   Level
 Magic Dart               Conj           0%         1d3       88%         1
 Searing Ray              Conj           0%         2d4       95%         2
 Fulminant Prism          Conj/Hex       0%         3d5       100%        4


Dungeon Overview and Level Annotations

Branches:
Dungeon (2/15)

Altars:

Annotations:
D:2 Sigmund


Innate Abilities, Weirdness & Mutations

You are a hulking beast.
Your limbs bulge with bestial killing power. (Slay +0)
You have a pair of horns on your head.
You reflexively headbutt those who attack you in melee.


Message History

Found a stone staircase leading down.
Found a scroll labelled JEUSAY XITWEA.
Found a short sword.
Found a small granite ring.
You now have 108 gold pieces (gained 7).
o - a ring of resist corrosion
o - a ring of resist corrosion (left hand)
n - 2 scrolls labelled JEUSAY XITWEA (gained 1)
You see here a +0 short sword.
Found a quarterstaff.
You see here a +0 quarterstaff.
You see here a +0 quarterstaff.
Sigmund the Dreaded comes into view.
He is wielding a +7 scythe of protection and wearing a +2 robe of willpower.
Sigmund shouts!
Sigmund casts a spell at you. The magic dart hits you.
You block Sigmund's attack.
You hit Sigmund.
Sigmund is lightly wounded.
Sigmund points at you and mumbles some strange words.
You resist with significant effort. Sigmund asks, "Do you like me?"
Sigmund hits you with a +7 scythe of protection!
You barely miss Sigmund.
Sigmund is lightly wounded.
Sigmund casts a spell at you. You resist with significant effort.
You barely miss Sigmund.
Sigmund is lightly wounded.
Sigmund mumbles some strange words.
Sigmund flickers and vanishes!
Deactivating autopickup; reactivate with Ctrl-A.
You miss something.
You hear some strange, mumbled words.
Something tries to affect you, but you resist.
Something hits you!
* * * LOW HITPOINT WARNING * * *
You miss something. You hit something but do no damage. Something hits you!
You die...

.# #.......#.# #.......# .#
#..##.#.#.#########.# .#
#...#.#...).........# .#
#.#.#>###..#.#####..# .#
#.#.#.# #.###.......#
.#######.....####.#.#####..#
...#.............#.# #..#
##.#.###...(###.{#.# ##..#
#.#.#...#.## #.h#.## ##...#
#<#.#.###.####.....###.#..#
#)#.#.##..................##
##.#.#.##..####..(..#.##..#.#
...#.#.##.......<..###.#.#.##
.................### #...##
##.#..#.#######.## ##.##
#.#.###.. .. #.# #.##.#.###
### #.#


There were no monsters in sight!

Vanquished Creatures
  A giant cockroach (D:1)
  2 goblins
  5 hobgoblins (D:1)
  4 jackals (D:1)
  A kobold (D:1)
  A quokka (D:1)
  3 bats (D:1)
  2 frilled lizards
19 creatures vanquished.

Notes
Turn   | Place    | Note
-------+----------+-------------------------------------------
     0 | D:1      | Fodor the Minotaur Fighter began the quest for the Orb.
     0 | D:1      | Reached XP level 1. HP: 19/19 MP: 0/0
    34 | D:1      | Found a faded altar of an unknown god.
   507 | D:1      | Reached XP level 2. HP: 27/27 MP: 1/1
  1100 | D:2      | Identified the "Gasaexku"
  1145 | D:2      | Identified the +4 shortbow "Hichu" {heavy, rPois MP-9
                  | Stlth+}
  1366 | D:2      | Noticed Sigmund
  1379 | D:2      | Slain by Sigmund

Illustrated notes

Levels and vault maps discovered:
D:1:      lightli_arrival_statue_moat, layout_basic, basic_ecumenical_altar
D:2:      layout_loops_ring, uniq_sigmund, uniq_crazy_yiuf_cottage

Skill      XL: |  1  2 |
---------------+-------+-----
Shields        | 4 |  4.0
Armour         | 4 |  4.0
Fighting       | |  3.9
Axes           | |  2.8
Dodging        | |  0.2
Shapeshifting  | |  0.1

Action                     || total
---------------------------++-------
  Melee: War axe           ||    38
 Armour: Scale mail        ||    30
  Dodge: Dodged            ||    17
  Block: Buckler           ||    20
   Form: Beast             ||     1

Table legend: (Time is in decaauts)
 A = Elapsed time spent in this place.
 B = Non-inter-level travel time spent in this place.
 C = Inter-level travel time spent in this place.
 D = Time resting spent in this place.
 E = Time spent auto-exploring this place.
 F = Levels seen in this place.
 G = Mean time per level.
                   A        B        C        D        E       F      G
               +--------+--------+--------+--------+--------+-----+--------+
         Total |   1392 |   1160 |    232 |      0 |      0 |   2 |  696.0 |
       Dungeon |   1392 |   1160 |    232 |      0 |      0 |   2 |  696.0 |
               +--------+--------+--------+--------+--------+-----+--------+

Top non-repeatable levels by time:
     D:1: 1111 daAuts
     D:2: 281 daAuts
